 Dungeon Crawl Stone Soup version 0.25.1-2-g60ff931df9 (webtiles) character file.

Game seed: 14523503179937731735

64589 raphaelitos the Peltast (level 14, -10/129 HPs)
             Began as a Minotaur Fighter on Oct 5, 2020.
             Was a High Priest of the Shining One.
             Killed from afar by a swamp dragon (14 damage)
             ... with a blast of poison
             ... on level 3 of the Swamp.
             The game lasted 01:07:55 (20946 turns).

raphaelitos the Peltast (Minotaur Fighter)         Turns: 20946, Time: 01:07:56

Health: -10/129    AC: 32    Str: 29    XL:     14   Next: 72%
Magic:  13/13      EV: 15    Int:  5    God:    the Shining One [*****.]
Gold:   1234       SH: 18    Dex: 12    Spells: 13/13 levels left

rFire    + . .     SeeInvis .   r - +5 mace (protect)
rCold    . . .     Gourm    .   c - +2 kite shield
rNeg     + + .     Faith    .   H - +7 scale mail of the Evil One {Str+5}
rPois    .         Spirit   .   (helmet restricted)
rElec    .         Reflect  .   D - +2 cloak
rCorr    .         Harm     .   q - +1 pair of gloves
MR       +....                  p - +2 pair of boots {run}
Stlth    ..........             k - amulet of the acrobat
HPRegen  0.31/turn              j - ring of protection from fire
MPRegen  0.13/turn              d - +4 ring of slaying

@: lethally poisoned (-10 -> -32), protection aura, glowing, very slow
A: retaliatory headbutt, horns 2
a: Divine Shield, Cleansing Flame, Summon Divine Warrior, Renounce Religion


You were on level 3 of the Swamp.
You worshipped the Shining One.
The Shining One was extremely pleased with you.
You were near starving.

You visited 4 branches of the dungeon, and saw 18 of its levels.
You visited the Abyss 1 time.

You collected 1234 gold pieces.

Inventory:

Hand Weapons
 r - a +5 mace of protection (weapon)
 A - a +1 short sword of freezing
 M - a +4 great sword of holy wrath
 S - a +2 vorpal long sword
Missiles
 g - 121 bolts
 i - 355 arrows
 n - 64 sling bullets
 t - 27 poisoned darts (quivered)
 z - 30 boomerangs
 F - 5 curare-tipped darts
Armour
 c - a +2 kite shield (worn)
 p - a +2 pair of boots of running (worn)
 q - a +1 pair of gloves (worn)
 D - a +2 cloak (worn)
 H - the +7 scale mail of the Evil One (worn) {Str+5}
   (You found it on level 1 of the Lair of Beasts)

   It affects your strength (+5).
Jewellery
 b - an uncursed amulet of faith
 d - a +4 ring of slaying (right hand)
 j - a ring of protection from fire (left hand)
 k - an amulet of the acrobat (around neck)
 R - a +6 ring of intelligence
Wands
 a - a wand of flame (29)
 u - a wand of polymorph (16)
 y - a wand of paralysis (5)
 E - a wand of enslavement (4)
 G - a wand of digging (19)
 I - a wand of acid (5)
 O - a wand of iceblast (6)
Scrolls
 e - 8 scrolls of teleportation
 l - a scroll of amnesia
 o - 6 scrolls of remove curse
 w - 2 scrolls of immolation
 x - a scroll of vulnerability {unknown}
 C - 2 scrolls of random uselessness {unknown}
 N - 2 scrolls of identify
 P - a scroll of silence
Potions
 h - a potion of magic
 m - a potion of resistance
 s - 2 potions of flight
 v - 2 potions of lignification
 B - 4 potions of mutation
 J - a potion of brilliance
Miscellaneous
 Q - a phial of floods
Comestibles
 f - 32 rations


   Skills:
 + Level 13.2 Fighting
 + Level 3.1 Long Blades
 + Level 15.1 Maces & Flails
 + Level 1.2 Throwing
 + Level 11.7 Armour
 + Level 8.7 Dodging
 + Level 2.1 Stealth
 + Level 17.6 Shields
 + Level 1.3 Evocations


You had 13 spell levels left.
You didn't know any spells.
Your spell library contained the following spells:

 Spells                   Type           Power        Failure   Level  Hunger
 Confusing Touch          Hex            #.......     96%         3    ####...
 Gell's Gravitas          Tloc           #.........   96%         3    ####...
 Petrify                  Tmut/Erth      #.......     100%        4    #####..
 Metabolic Englaciation   Hex/Ice        #.........   100%        5    ######.
 Yara's Violent Unravell  Hex/Tmut       #.........   100%        5    ######.


Dungeon Overview and Level Annotations

Branches:
Dungeon (8/15)             Temple (1/1) D:5            Lair (6/6) D:8
  Swamp (3/4) Lair:2        Snake (0/4) Lair:4        Slime (0/5) Lair:6

Altars:
Ashenzari
Cheibriados
Elyvilon
Fedhas
Gozag
Hepliaklqana
Kikubaaqudgha
Makhleb
Nemelex Xobeh
Okawaru
Qazlal
Ru
Sif Muna
Trog
Uskayaw
Vehumet
Wu Jian
Xom
Yredelemnul
Zin
The Shining One

Shops:
D:7 [   D:8 [

Annotations:
Swamp:3 Mara


Innate Abilities, Weirdness & Mutations

You reflexively headbutt those who attack you in melee.
You have a pair of horns on your head.


Message History

The swamp drake barely misses you.
The swamp dragon breathes poison at you.
The blast of poison engulfs you!
You are more poisoned.
* * * LOW HITPOINT WARNING * * *
Your unstable footing causes you to fumble your attack.
You are engulfed in poison gas.
You are more poisoned.
* * * LOW HITPOINT WARNING * * *
x2 You feel extremely sick.
The swamp drake misses you. You furiously retaliate!
You headbutt the swamp drake!
You feel better.
You are engulfed in poison gas.
You are lethally poisoned!
* * * LOW HITPOINT WARNING * * *
x2 You feel sick.
The swamp dragon breathes poison at you.
The blast of poison engulfs you!
You are more poisoned.
You die...

≈.♣≈≈≈≈≈≈≈≈≈≈≈..≈..≈≈≈
♣≈..≈♣≈≈≈≈.≈≈≈≈≈..≈.♣≈≈.
....≈≈≈≈≈≈≈<.≈≈§≈≈≈...≈≈
%n≈≈.≈≈≈≈≈...≈≈≈.≈>..≈≈≈
..♣.≈≈.≈≈≈≈≈≈≈≈≈≈≈≈≈≈≈≈≈
..≈≈...≈≈≈≈≈≈≈≈≈.≈♣≈.≈.≈
.......≈≈§≈≈≈≈§.≈≈≈..≈≈≈
♣≈≈°kD°°)≈...≈≈≈≈≈.≈≈.
♣♣≈.♣@°○.♣♣§≈≈≈≈≈≈≈≈≈≈
♣°°°°≈.♣≈.≈.§≈≈≈≈..
♣♣..≈§♣♣♣.≈..≈≈≈§..
♣♣♣.♣♣ ♣≈≈≈.≈.≈≈≈. ♣♣♣
♣≈≈≈≈≈≈♣... ♣♣..≈≈.....
♣♣≈≈.♣♣♣♣ ♣♣≈.


You could see a swamp dragon (catching breath), a bog body and a swamp drake
(catching breath).

Vanquished Creatures
  A very ugly thing (Abyss:1)
  9 hydras
  2 ghost crabs
  4 catoblepae
  2 alligators (Swamp:1)
  A shambling mangrove (Swamp:2)
  A queen ant (Lair:3)
  6 death yaks (Lair:6)
  3 thrashing horrors (Abyss:1)
  Sonja (Lair:2)
  A wretched star (Abyss:1)
  5 swamp dragons
  Pikel (D:6)
  2 manticores (Lair:6)
  Maurice (D:8)
  3 black mambas
  4 elephants
  14 spiny frogs
  5 rime drakes
  3 komodo dragons
  18 slime creatures
  7 hippogriffs
  4 tyrant leeches
  5 bog bodies
  5 hornets
  2 large abominations (Abyss:1)
  31 blink frogs
  5 dream sheep (Lair:6)
  2 spriggans (Swamp:3)
  4 hogs (D:7)
  17 yaks
  A wyvern (Lair:1)
  2 basilisks
  A human (D:7)
  A shadow (Swamp:2)
  Grum (D:8)
  2 vampire mosquitoes (Swamp:1)
  A steam dragon (D:5)
  3 neqoxecs (Abyss:1)
  Menkaure (D:6)
  9 swamp worms
  An insubstantial wisp (Swamp:2)
  4 nagas (Lair:4)
  7 porcupines
  9 water moccasins
  16 soldier ants (Lair:3)
  2 swamp drakes
  An orc warrior (D:6)
  2 sky beasts (D:5)
  2 black bears
  16 wolves
  4 centaurs
  6 ogres
  14 crocodiles
  6 bullfrogs
  3 small abominations (Abyss:1)
  A wyvern zombie (D:6)
  3 scorpions
  A water moccasin skeleton (D:7)
  An electric eel (Lair:1)
  2 howler monkeys
  3 crimson imps
  A bullfrog zombie (D:5)
  4 hounds
  15 jellies
  A centaur zombie (D:5)
  A gnoll shaman (D:6)
  A bullfrog skeleton (D:5)
  3 orc priests
  6 orc wizards
  2 centaur skeletons
  An iguana (D:6)
  31 worker ants
  A hound zombie (D:5)
  A worker ant zombie (D:6)
  A howler monkey zombie (D:6)
  22 gnolls
  9 adders
  A naga simulacrum (Abyss:1)
  A shadow imp (D:8)
  2 oozes
  4 worms
  4 dart slugs
  5 leopard geckos
  27 orcs
  A ball python (D:5)
  6 bats
  4 giant cockroaches
  5 goblins
  6 hobgoblins
  13 jackals
  A quokka (D:7)
  2 frilled lizards
  7 kobolds
  3 rats
487 creatures vanquished.

Vanquished Creatures (others)
  A hydra (Swamp:1)
  4 insubstantial wisps (Swamp:2)
  A swamp drake (Swamp:1)
  An orc warrior (D:6)
  3 slaves (D:6)
  An orc wizard (D:6)
  An orc (D:6)
  6 fungi
  8 plants (Lair:6)
26 creatures vanquished.

Grand Total: 513 creatures vanquished

Notes
Turn   | Place    | Note
-------+----------+-------------------------------------------
     0 | D:1      | raphaelitos the Minotaur Fighter began the quest for the
                  | Orb.
     0 | D:1      | Reached XP level 1. HP: 19/19 MP: 0/0
    72 | D:1      | Reached skill level 4 in Shields
   102 | D:1      | You fall into a shaft and drop 1 floor!
   109 | D:2      | Reached XP level 2. HP: 26/27 MP: 1/1
   404 | D:2      | Reached XP level 3. HP: 32/33 MP: 2/2
  1161 | D:2      | Reached XP level 4. HP: 21/40 MP: 3/3
  1165 | D:2      | Reached skill level 5 in Shields
  1482 | D:2      | Identified a +2 pair of boots of running (You found it on
                  | level 2 of the Dungeon)
  2272 | D:3      | Reached skill level 1 in Maces & Flails
  2406 | D:3      | Reached XP level 5. HP: 47/47 MP: 4/4
  2423 | D:3      | Found a faded altar of an unknown god.
  2969 | D:3      | Became a worshipper of Sif Muna the Loreminder
  2969 | D:3      | Reached * piety under Sif Muna
  2970 | D:3      | Fell from the grace of Sif Muna
  3185 | D:4      | Reached XP level 6. HP: 41/53 MP: 5/5
  3196 | D:4      | Reached skill level 1 in Dodging
  3209 | D:4      | Reached skill level 5 in Armour
  3218 | D:4      | Got a bloodstained plate armour
  3228 | D:4      | Identified the +0 plate armour "Hero's Friend" {*Corrode
                  | rPois rC++ Int+3} (You found it on level 4 of the Dungeon)
  3871 | D:4      | Reached skill level 5 in Fighting
  3925 | D:4      | Reached skill level 6 in Shields
  4122 | D:5      | Entered Level 5 of the Dungeon
  4133 | D:5      | Reached XP level 7. HP: 57/61 MP: 6/6
  4196 | D:5      | Noticed a steam dragon
  4222 | D:5      | Killed a steam dragon
  4437 | D:5      | Found a stormy altar of Qazlal.
  4557 | D:5      | Reached skill level 5 in Maces & Flails
  4557 | D:5      | Reached skill level 7 in Shields
  4688 | D:5      | Found a staircase to the Ecumenical Temple.
  4765 | D:5      | Reached XP level 8. HP: 65/68 MP: 7/7
  4960 | D:5      | Reached skill level 8 in Shields
  5018 | Temple   | Entered the Ecumenical Temple
  5103 | Temple   | Became a worshipper of the Shining One
  5128 | D:6      | Noticed Pikel
  5146 | D:6      | Killed Pikel
  5210 | D:6      | Reached skill level 9 in Shields
  5420 | D:6      | Reached XP level 9. HP: 75/75 MP: 8/8
  5513 | D:6      | Noticed Menkaure
  5519 | D:6      | Killed Menkaure
  5811 | D:6      | Reached * piety under the Shining One
  6326 | D:7      | Reached skill level 10 in Shields
  6420 | D:7      | Found Reuraz's Armour Emporium.
  7014 | D:8      | Noticed Maurice
  7175 | D:8      | Found a staircase to the Lair.
  7212 | D:8      | Reached skill level 10 in Maces & Flails
  7272 | D:8      | Reached ** piety under the Shining One
  7277 | D:8      | Reached XP level 10. HP: 86/86 MP: 9/9
  7284 | D:8      | Paralysed by Maurice for 3 turns
  7293 | D:8      | Killed Maurice
  7319 | D:8      | Reached skill level 11 in Shields
  7411 | D:8      | Noticed Grum
  7418 | D:8      | Killed Grum
  7621 | D:8      | Found Imap's Antique Armour Emporium.
  7877 | Lair:1   | Entered Level 1 of the Lair of Beasts
  7966 | Lair:1   | Noticed a catoblepas
  7966 | Lair:1   | Noticed a spiny frog
  7971 | Lair:1   | Reached skill level 12 in Shields
  8017 | Lair:1   | The Shining One protects you from harm!
  8370 | Lair:1   | Reached skill level 1 in Stealth
  8413 | Lair:1   | Got an ancient scale mail
  8423 | Lair:1   | Identified the +7 scale mail of the Evil One {Str+5} (You
                  | found it on level 1 of the Lair of Beasts)
  8632 | Lair:1   | Noticed an elephant
  8632 | Lair:1   | Noticed a black mamba
  8633 | Lair:1   | Noticed a spiny frog
  8639 | Lair:1   | Killed an elephant
  8643 | Lair:1   | Killed a black mamba
  8643 | Lair:1   | Reached XP level 11. HP: 90/95 MP: 10/10
  8674 | Lair:1   | Noticed a four-headed hydra
  8681 | Lair:1   | Killed a four-headed hydra
  9227 | Lair:1   | Reached skill level 13 in Shields
  9431 | Lair:1   | Killed a catoblepas
 10329 | Lair:2   | Noticed Sonja
 10337 | Lair:2   | Cast into level 1 of the Abyss (Sonja)
 10394 | Abyss:1  | Noticed a large abomination
 10464 | Abyss:1  | Reached *** piety under the Shining One
 10496 | Abyss:1  | Noticed a thrashing horror
 10503 | Abyss:1  | Killed a thrashing horror
 10507 | Abyss:1  | Noticed a red very ugly thing
 10523 | Abyss:1  | Killed a red very ugly thing
 10552 | Abyss:1  | Noticed a thrashing horror
 10561 | Abyss:1  | Killed a thrashing horror
 10576 | Abyss:1  | Got an ancient cloak
 10586 | Abyss:1  | Identified the cursed -6 cloak "Asyph" {rC+ MR+ Str+4
                  | Int+2} (You found it on level 1 of the Abyss)
 10643 | Abyss:1  | Noticed a large abomination
 10650 | Abyss:1  | Noticed a wretched star
 10650 | Abyss:1  | Noticed a thrashing horror
 10666 | Abyss:1  | Killed a wretched star
 10666 | Abyss:1  | Reached XP level 12. HP: 54/106 MP: 11/11
 10678 | Lair:2   | Escaped the Abyss
 10681 | Lair:2   | Killed Sonja
 10681 | Lair:2   | Reached skill level 10 in Armour
 11554 | Lair:2   | Reached skill level 10 in Fighting
 11567 | Lair:2   | Found a staircase to the Swamp.
 11931 | Lair:3   | Reached skill level 14 in Shields
 11952 | Lair:3   | Noticed a queen ant
 11968 | Lair:3   | Killed a queen ant
 12653 | Lair:3   | You fall into a shaft and drop 1 floor!
 12693 | Lair:4   | Found a staircase to the Snake Pit.
 12699 | Lair:4   | Reached skill level 5 in Dodging
 12726 | Lair:4   | Was forgiven by Sif Muna
 12859 | Lair:4   | Noticed a six-headed hydra
 12865 | Lair:4   | Killed a six-headed hydra
 13270 | Lair:4   | Reached skill level 15 in Shields
 13622 | Lair:3   | Reached XP level 13. HP: 116/116 MP: 12/12
 14523 | Lair:6   | Entered Level 6 of the Lair of Beasts
 14993 | Lair:6   | Found a staircase to the Slime Pits.
 15340 | Lair:6   | Reached skill level 1 in Throwing
 15444 | Lair:6   | Reached **** piety under the Shining One
 15478 | Lair:6   | Reached skill level 16 in Shields
 16688 | Swamp:1  | Entered Level 1 of the Swamp
 16713 | Swamp:1  | Reached XP level 14. HP: 98/126 MP: 13/13
 16864 | Swamp:1  | Reached skill level 1 in Evocations
 17482 | Swamp:1  | HP: 4/127 [poisoned by a swamp dragon (poison gas)]
 18147 | Swamp:1  | Reached skill level 17 in Shields
 18538 | Swamp:2  | HP: 9/190 [ghost crab (11)]
 18544 | Swamp:2  | HP: 8/190 [ghost crab] (2)]
 18773 | Swamp:2  | Reached skill level 15 in Maces & Flails
 19248 | Swamp:2  | Reached ***** piety under the Shining One
 20164 | Swamp:3  | Noticed Mara
 20184 | Swamp:3  | Noticed raphaelitos's illusion
 20945 | Swamp:3  | HP: 1/129 [poisoned by a swamp dragon (poison gas)]
 20946 | Swamp:3  | Killed from afar by a swamp dragon

Illustrated notes

Levels and vault maps discovered:
D:1:      psy_arrival_fountain, layout_basic, minmay_misc_feat_more_columns
D:2:      layout_loops_cross, first_ration, minmay_misc_feat_chi
D:3:      layout_basic, serial_glass, glass_columns_c, glass_columns_b,
          glass_columns_a, chequers_ecumenical_altar_simple_redux
D:4:      layout_basic
D:5:      layout_cave_pools, temple_doors_e, serial_park, serial_park_gazebo
          [serial_park_minivault_5x5_7], serial_park_tiny_pond,
          serial_park_square3 [serial_park_minivault_5x5_8], serial_park_tiny_1,
          serial_park_square3 [serial_park_minivault_5x5_6],
          grunt_qazlal_sundering
D:6:      layout_basic, uniq_menkaure, uniq_pikel
D:7:      layout_loops_ring, serial_shops,
          nicolae_shop_temple_entry_statues_fountains, grunt_livestock,
          minivault_19
D:8:      layout_rooms, nicolae_overflow_hidden_temple, minmay_lair_entry_grove,
          serial_shops, shop, kennysheep_cross_bottleneck, uniq_grum,
          uniq_maurice
Temple:   dpeg_three_leaves_temple
Lair:1:   layout_cave_pods, minmay_shattered_shrine, serial_bayou_shore_a,
          grunt_megastairs_4
Lair:2:   layout_roguey, minmay_swamp_entry_worms, enter_volcano_2, uniq_sonja
Lair:3:   layout_regular_city, zaba_anthell
Lair:4:   layout_loops_ring, minmay_snake_entry_guardpost_small,
          bh_autumn_forest_stairs
Lair:5:   layout_long_grid, infiniplex_staircase_pool, grunt_megastairs_3
Lair:6:   evilmike_catoblepas_cave, layout_long_grid,
          minmay_slime_entry_jelly_boxes
Swamp:1:  layout_basic_swamp, evilmike_swamp_ruin_house_1
Swamp:2:  layout_basic_swamp, evilmike_swamp_ruin_house_3, swamp_pool1
Swamp:3:  layout_falls_marsh, evilmike_swamp_ruin_house_4,
          infiniplex_staircase_pool_2, uniq_roxanne, uniq_mara

Skill      XL: |  1  2  3  4  5  6  7  8  9 10 11 12 13 14 |
---------------+-------------------------------------------+-----
Shields        | 4 5 6 7 9 10 12 13 15 16 17 | 17.6
Fighting       | 4 5 6 7 8 9 11 12 13 | 13.2
Armour         | 4 5 7 8 9 10 11 | 11.7
Maces & Flails | 1 3 4 5 8 10 11 12 13 14 15 | 15.1
Long Blades    | 3 |  3.1
Dodging        | 1 2 4 5 7 8 |  8.7
Stealth        | 1 2 |  2.1
Throwing       | 1 |  1.2
Evocations     | 1 |  1.3

Action                   |  1- 3 |  4- 6 |  7- 9 | 10-12 | 13-15 || total
-------------------------+-------+-------+-------+-------+-------++-------
Melee: Long sword        |    82 |    11 |       |       |       ||    93
       Headbutt          |    10 |    27 |    58 |   148 |   222 ||   465
       Mace              |       |   153 |   294 |   531 |   691 ||  1669
Throw: Boomerang         |       |       |     1 |     3 |       ||     4
       Dart              |       |       |       |     1 |     3 ||     4
Invok: Renounce Religion |       |     1 |       |       |       ||     1
Evoke: Phial of floods   |       |       |       |       |     1 ||     1
       Wand              |       |       |       |       |     4 ||     4
  Use: Scroll            |       |     9 |     4 |    11 |    12 ||    36
       Potion            |       |       |     1 |     2 |    11 ||    14
  Eat: Chunk             |       |    10 |    10 |    16 |    14 ||    50
       Ration            |       |       |       |     1 |     2 ||     3
Armor: Scale mail        |    82 |    68 |       |   184 |   245 ||   579
       Plate armour      |       |    24 |   226 |    67 |       ||   317
Dodge: Dodged            |    50 |    71 |    84 |   201 |   338 ||   744
Block: Kite shield       |    84 |   112 |   254 |   431 |   567 ||  1448
       Rpst.: Long sword |     8 |     1 |       |       |       ||     9
